 Dungeon Crawl Stone Soup version 0.30-a0-726-gd89dcf765f (webtiles) character file.

Game seed: 6905192898410029505

268 timneilson the Shield-Bearer (level 6, -15/38 HPs)
             Began as a Gargoyle Fighter on Jan 29, 2023.
             Demolished by an ogre
             ... wielding a +0 giant club
              (16 damage)
             ... on level 4 of the Dungeon.
             The game lasted 00:05:07 (3049 turns).

timneilson the Shield-Bearer (Gargoyle Fighter)     Turns: 3049, Time: 00:05:08

Health: -15/38     AC: 18    Str: 21    XL:     6   Next: 21%
Magic:  6/6        EV:  7    Int:  9    God:
Gold:   158        SH:  4    Dex:  9    Spells: 5/5 levels left

rFire   . . .      SeeInvis .    a - +0 long sword
rCold   + . .      Faith    .    c - +0 buckler
rNeg    + . .      Spirit   .    t - +1 chain mail {rC+}
rPois   ∞          Reflect  .    (no helmet)
rElec   +          Harm     .    h - +0 cloak
rCorr   .          Rampage  .    l - +0 pair of gloves
Will    .....                    m - +0 pair of boots Stlth
                                 (no amulet)
HPRegen 0.26/turn                (no ring)
MPRegen 0.10/turn                (no ring)

@: no status effects
A: sickness immunity, AC +4, negative energy resistance 1, electricity
resistance, torment resistance 1, petrification resistance
a: no special abilities


You were on level 4 of the Dungeon.
You visited 1 branch of the dungeon, and saw 4 of its levels.
You also visited: Sewer.

You collected 158 gold pieces.

Inventory:

Hand Weapons
 a - a +0 long sword (weapon)
Armour
 c - a +0 buckler (worn)
 h - a +0 cloak (worn)
 l - a +0 pair of gloves (worn)
 m - a +0 pair of boots (worn)
 t - a +1 chain mail of cold resistance (worn)
Wands
 d - a wand of paralysis (2)
 s - a wand of light (12)
Scrolls
 n - a scroll of fog
 q - a scroll of fear
Potions
 e - a potion of cancellation
 f - a potion of resistance
 g - a potion of attraction
 j - 2 potions of curing
 k - a potion of flight {unknown}
 o - a potion of haste {unknown}
 p - a potion of heal wounds {unknown}
 r - a potion of berserk rage {unknown}


   Skills:
 + Level 4.0 Fighting
 * Level 3.1 Long Blades
 * Level 4.7 Armour
 + Level 1.2 Dodging
 * Level 4.7 Shields
 + Level 0.2 Evocations


You had 5 spell levels left.
You didn't know any spells.
Your spell library contained the following spells:

 Spells                   Type           Power      Damage    Failure   Level
 Ensorcelled Hibernation  Hex/Ice        0%         N/A       100%        2
 Hailstorm                Conj/Ice       0%         3d3       100%        3
 Ignite Poison            Fire/Tmut/Pois 0%         N/A       100%        3
 Kindle Blastsparks       Fire/Tloc/Air  0%         2d10      100%        3
 Spider Form              Tmut/Pois      0%         N/A       100%        3
 Anguish                  Hex/Necr       0%         N/A       100%        4
 Ice Form                 Ice/Tmut       0%         N/A       100%        4
 Freezing Cloud           Conj/Ice/Air   0%         6-21      100%        5
 Simulacrum               Ice/Necr       0%         N/A       100%        6
 Enfeeble                 Hex            0%         N/A       100%        7


Dungeon Overview and Level Annotations

Branches:
Dungeon (4/15)              Sewer (visited)
 Temple: D:4-7

Altars:
Gozag


Innate Abilities, Weirdness & Mutations

You are immune to sickness and miasma.
Your stone body is resilient. (AC +4)
You are immune to poison.
You resist negative energy. (rN+)
You are resistant to electric shocks. (rElec)
You are resistant to unholy torment.
You are immune to petrification.


Message History

Found 10 gold pieces.
The ogre shouts!
It was a potion of ambrosia.
You are confused.
You feel invigorated.
You hit the ogre but do no damage. The ogre barely misses you.
You bump into the rock wall.
You hit the ogre but do no damage. The ogre barely misses you.
The ogre attacks as you move away!
The ogre hits you with a +0 giant club!!
There is a stone staircase leading up here.
You bump into the rock wall.
You feel less invigorated.
You feel less confused. The ogre hits you with a +0 giant club.
You hit the ogre.
The ogre is lightly wounded.
You hit the ogre but do no damage.
The ogre is lightly wounded.
The ogre barely misses you.
You slash the ogre!
The ogre is heavily wounded.
The ogre closely misses you.
You barely miss the ogre.
The ogre is heavily wounded.
The ogre hits you but does no damage.
You closely miss the ogre.
The ogre is heavily wounded.
The ogre hits you with a +0 giant club.
You hit the ogre.
The ogre is heavily wounded.
The ogre hits you with a +0 giant club!!
Ouch! That really hurt!
* * * LOW HITPOINT WARNING * * *
You hit the ogre.
The ogre is heavily wounded.
The ogre barely misses you.
You slash the ogre!
The ogre is almost dead.
The ogre hits you with a +0 giant club!
You die...

..# >.. #.#
#### #.# .$.#
#.# .O.#
#.####...#
#........#
#.####...#
#.@O.....#
#####.#......
..# .....
#### .... ...
##


You could see an ogre.

Vanquished Creatures
  Pargi (Sewer)
  Terence (D:3)
  8 adders
  2 dart slugs
  7 ball pythons
  9 bats
  5 endoplasms
  6 giant cockroaches
  A goblin (D:3)
  3 hobgoblins
  6 jackals
  3 kobolds
  2 quokkas
  7 frilled lizards
  10 rats
71 creatures vanquished.

Notes
Turn   | Place    | Note
-------+----------+-------------------------------------------
     0 | D:1      | timneilson the Gargoyle Fighter began the quest for the
                  | Orb.
     0 | D:1      | Reached XP level 1. HP: 14/14 MP: 1/1
   180 | D:1      | Reached XP level 2. HP: 12/19 MP: 2/2
   450 | D:1      | You fall into a shaft and drop 1 floor!
   535 | D:2      | Reached XP level 3. HP: 23/23 MP: 3/3
   657 | D:2      | Identified the +1 whip of Deshroan {flame, rElec Dex+3
                  | Stlth+}
   846 | D:2      | Reached XP level 4. HP: 28/28 MP: 4/4
  2021 | D:3      | Found a glowing drain.
  2060 | Sewer    | Entered a sewer
  2121 | Sewer    | Noticed Pargi
  2139 | Sewer    | Killed Pargi
  2140 | Sewer    | Reached skill level 1 in Dodging
  2140 | Sewer    | Reached XP level 5. HP: 24/33 MP: 5/5
  2315 | D:3      | Found an opulent altar of Gozag.
  2487 | D:3      | Reached XP level 6. HP: 34/38 MP: 6/6
  2509 | D:3      | Noticed Terence
  2532 | D:3      | Killed Terence
  3047 | D:4      | HP: 1/38 [ogre/+0 giant club (22)]
  3049 | D:4      | Demolished by an ogre

Illustrated notes

Levels and vault maps discovered:
D:1:      erik_arrival_cave_to_civilisation [erik_arrival_cave_to_hall],
          layout_loops_ring, dk_noncrumbling_3, minmay_misc_feat_iff,
          wad_floor_pattern_untrapped, amethyst_killhole, minmay_heptomino_h4
D:2:      layout_basic
D:3:      layout_basic, old_standard_altar, portal_sewer_entry_c, uniq_terence
D:4:      layout_basic, ebering_ghost_sewer_f

Skill      XL: |  1  2  3  4  5 |
---------------+----------------+-----
Long Blades    | 2 3 |  3.1
Armour         | 4 |  4.7
Shields        | 4 |  4.7
Dodging        | 1 |  1.2
Fighting       | 4 |  4.0
Evocations     | |  0.2

Action                     |  1- 3 |  4- 6 || total
---------------------------+-------+-------++-------
  Melee: Long sword        |   122 |   196 ||   318
    Use: Scroll            |       |     7 ||     7
         Potion            |       |     2 ||     2
 Armour: Scale mail        |    91 |   130 ||   221
         Chain mail        |       |    19 ||    19
  Dodge: Dodged            |    55 |   110 ||   165
  Block: Buckler           |    29 |    46 ||    75

Table legend: (Time is in decaauts)
 A = Elapsed time spent in this place.
 B = Non-inter-level travel time spent in this place.
 C = Inter-level travel time spent in this place.
 D = Time resting spent in this place.
 E = Time spent auto-exploring this place.
 F = Levels seen in this place.
 G = Mean time per level.
                   A        B        C        D        E       F      G
               +--------+--------+--------+--------+--------+-----+--------+
         Total |   3159 |   3042 |    117 |     89 |   2185 |   5 |  631.8 |
       Dungeon |   2990 |   2873 |    117 |     89 |   2088 |   4 |  747.5 |
         Sewer |    168 |    168 |      0 |      0 |     97 |   1 |  168.0 |
               +--------+--------+--------+--------+--------+-----+--------+

Top non-repeatable levels by time:
     D:1: 1083 daAuts
     D:3: 944 daAuts
     D:2: 936 daAuts
   Sewer: 168 daAuts
     D:4: 26 daAuts
